[ AOE2 MATCH · #472229775 ]
UnrankedTurks vs Burgundians
[ REPLAY ANALYSIS · EXTRACTED FROM THE RECORDED GAME ]
Feudal
12:49
Castle
23:03
Imperial
—
| APM avg | 46.3 |
| APM peak | 79 |
| eAPM avg | 21.4 |
| Villagers / military | 69 / 3 |
Focus
⚔️ 35.5% · 🌾 64.5%
Unknown (2626) ×26 · Fishing Ship ×11 · Militia ×3
Feudal
13:42
Castle
17:33
Imperial
—
| APM avg | 35.8 |
| APM peak | 80 |
| eAPM avg | 19.2 |
| Villagers / military | 73 / 14 |
Focus
⚔️ 14.7% · 🌾 85.3%
Fishing Ship ×13 · Coustillier ×12 · Battering Ram ×1 · Demolition Raft ×1
Feudal
15:17
Castle
18:59
Imperial
—
| APM avg | 41.8 |
| APM peak | 98 |
| eAPM avg | 16.8 |
| Villagers / military | 42 / 5 |
Focus
⚔️ 27.1% · 🌾 72.9%
Fishing Ship ×9 · Scorpion ×5
Feudal
12:53
Castle
16:48
Imperial
—
| APM avg | 42.9 |
| APM peak | 90 |
| eAPM avg | 17.9 |
| Villagers / military | 56 / 29 |
Focus
⚔️ 37.2% · 🌾 62.8%
Ghulam ×28 · Fishing Ship ×7 · Unknown (2626) ×3 · Demolition Raft ×1
Feudal
12:13
Castle
16:26
Imperial
—
| APM avg | 23.8 |
| APM peak | 65 |
| eAPM avg | 13.2 |
| Villagers / military | 59 / 12 |
Focus
⚔️ 26.6% · 🌾 73.4%
Fishing Ship ×20 · Karambit Warrior ×12
Feudal
13:53
Castle
17:27
Imperial
—
| APM avg | 48.6 |
| APM peak | 74 |
| eAPM avg | 22.6 |
| Villagers / military | 65 / 17 |
Focus
⚔️ 28.1% · 🌾 71.9%
Mangudai ×17 · Fishing Ship ×5 · Unknown (2626) ×2
Match map
Initial resources + every placement click. Lines = walls · curves = elevation contours. ◆ gold · ⬟ stone · ● berries · ✦ relic · ◌ wall gap
Your base· Open — unwalled flank
EDM Martirena's base· Open — 8t gap
Dooque's base· Open — 14t gap
ROCKMAN 4's base· Open — unwalled flank
MauroZum's base· Open — 5t gap
DGHIR | Feyern's base· Open — unwalled flank
Smoothed initial terrain · ◌ = detected wall gap · hover for details
Inputs per minute
— Sebanico - - EDM Martirena
Build order — Sebanico
144 actions detected in the replay
| 0:30 | Build | Town Center |
| 1:44 | Build | House |
| 2:25 | Build | Dock |
| 2:37 | Create | Villager (Male) |
| 2:37 | Create | Villager (Male) |
| 2:37 | Create | Villager (Male) |
| 2:38 | Create | Villager (Male) |
| 3:55 | Create | Fishing Ship |
| 4:16 | Research | Loom |
| 4:37 | Create | Fishing Ship |
| 4:49 | Build | House |
| 4:53 | Create | Villager (Male) |
| 4:53 | Create | Villager (Male) |
| 5:06 | Create | Fishing Ship |
| 5:06 | Create | Fishing Ship |
| 5:36 | Create | Villager (Male) |
| 5:41 | Build | House |
| 6:05 | Create | Villager (Male) |
| 6:20 | Create | Fishing Ship |
| 6:36 | Create | Villager (Male) |
| 6:44 | Create | Villager (Male) |
| 7:09 | Create | Villager (Male) |
| 7:09 | Create | Fishing Ship |
| 7:38 | Create | Villager (Male) |
| 7:59 | Create | Fishing Ship |
| 8:00 | Create | Villager (Male) |
| 8:13 | Create | Villager (Male) |
| 8:26 | Create | Villager (Male) |
| 8:43 | Create | Villager (Male) |
| 8:44 | Build | House |
| 8:48 | Build | House |
| 8:58 | Create | Fishing Ship |
| 9:07 | Create | Fishing Ship |
| 9:14 | Create | Villager (Male) |
| 9:43 | Create | Villager (Male) |
| 10:08 | Create | Villager (Male) |
| 10:10 | Build | Lumber Camp |
| 10:37 | Research | Feudal Age |
| 10:37 | Research | Feudal Age |
| 11:41 | Build | Dock |
| 11:51 | Build | Dock |
| 12:10 | Create | Villager (Male) |
| 12:17 | Create | Villager (Male) |
| 12:17 | Create | Villager (Male) |
| 12:19 | Build | House |
| 12:23 | Build | House |
| 12:43 | Create | Villager (Male) |
| 12:49 | Age | Feudal Age |
| 12:51 | Create | Unit 2626 |
| 12:51 | Create | Unit 2626 |
| 12:51 | Create | Unit 2626 |
| 12:57 | Create | Villager (Male) |
| 13:16 | Create | Unit 2626 ×4 |
| 13:22 | Create | Fishing Ship |
| 13:23 | Create | Villager (Male) |
| 13:24 | Create | Villager (Male) |
| 13:31 | Build | Dock |
| 13:39 | Create | Unit 2626 |
| 13:39 | Create | Unit 2626 |
| 13:50 | Create | Villager (Male) |
| 13:50 | Create | Villager (Male) |
| 13:54 | Build | Mill |
| 14:01 | Create | Unit 2626 |
| 14:01 | Create | Unit 2626 |
| 14:19 | Create | Unit 2626 |
| 14:23 | Create | Villager (Male) |
| 14:24 | Create | Unit 2626 |
| 14:25 | Create | Unit 2626 |
| 14:34 | Create | Unit 2626 |
| 14:45 | Create | Villager (Male) |
| 14:46 | Create | Villager (Male) |
| 14:47 | Create | Villager (Male) |
| 14:54 | Create | Fishing Ship |
| 15:05 | Build | House |
| 15:10 | Build | House |
| 15:10 | Build | House |
| 15:35 | Create | Unit 2626 |
| 15:35 | Create | Unit 2626 |
| 15:39 | Create | Unit 2626 |
| 15:39 | Create | Unit 2626 |
| 15:43 | Create | Villager (Male) |
| 15:46 | Build | House |
| 15:46 | Build | House |
| 15:46 | Build | House |
| 15:49 | Create | Villager (Male) |
| 15:54 | Create | Villager (Male) |
| 16:06 | Create | Villager (Male) |
| 16:28 | Create | Unit 2626 |
| 16:35 | Create | Unit 2626 ×2 |
| 16:35 | Create | Unit 2626 ×2 |
| 16:39 | Build | House |
| 17:18 | Create | Villager (Male) |
| 17:21 | Build | Dock |
| 17:34 | Create | Villager (Male) |
| 17:38 | Build | Blacksmith |
| 17:49 | Create | Villager (Male) |
| 17:52 | Build | Blacksmith |
| 18:05 | Create | Unit 2626 |
| 18:23 | Create | Villager (Male) |
| 18:58 | Build | Market |
| 18:59 | Create | Villager (Male) |
| 18:59 | Create | Villager (Male) |
| 19:14 | Create | Unit 2626 |
| 20:23 | Research | Castle Age |
| 20:24 | Research | Castle Age |
| 20:57 | Build | Barracks |
| 22:07 | Create | Villager (Male) |
| 22:07 | Create | Villager (Male) |
| 22:07 | Create | Villager (Male) |
| 22:10 | Create | Villager (Male) |
| 22:26 | Research | Man-at-Arms (upgrade) |
| 22:28 | Create | Militia |
| 22:28 | Create | Militia |
| 22:29 | Create | Militia |
| 22:37 | Create | Villager (Male) |
| 22:51 | Create | Villager (Male) |
| 23:03 | Age | Castle Age |
| 23:17 | Create | Villager (Male) |
| 23:20 | Build | Town Center |
| 23:32 | Create | Villager (Male) |
| 23:35 | Build | Palisade Gate |
| 23:46 | Create | Villager (Male) |
| 24:03 | Build | Palisade Wall |
| 24:05 | Build | Palisade Wall |
| 24:07 | Create | Villager (Male) |
| 24:37 | Build | Town Center |
| 24:48 | Create | Villager (Male) |
| 24:56 | Create | Villager (Male) |
| 25:00 | Create | Villager (Male) |
| 25:00 | Create | Villager (Male) |
| 25:00 | Create | Villager (Male) |
| 25:01 | Create | Villager (Male) |
| 25:13 | Create | Villager (Male) |
| 25:14 | Create | Villager (Male) |
| 25:25 | Create | Villager (Male) |
| 25:32 | Create | Villager (Male) |
| 25:40 | Create | Villager (Male) |
| 25:55 | Create | Villager (Male) |
| 26:01 | Create | Villager (Male) |
| 26:08 | Create | Villager (Male) |
| 26:11 | Create | Villager (Male) |
| 26:11 | Create | Villager (Male) |
| 26:43 | Create | Villager (Male) |
| 26:47 | Build | Monastery |
Build order — EDM Martirena
First 150 of 173 actions detected
| 0:14 | Build | Town Center |
| 1:38 | Build | Dock |
| 1:41 | Build | House |
| 2:27 | Create | Villager (Male) |
| 2:27 | Create | Villager (Male) |
| 2:27 | Create | Villager (Male) |
| 2:27 | Create | Villager (Male) |
| 3:36 | Create | Fishing Ship |
| 4:17 | Build | House |
| 4:27 | Research | Loom |
| 4:40 | Create | Villager (Male) |
| 5:01 | Create | Villager (Male) |
| 5:21 | Create | Villager (Male) |
| 5:35 | Create | Villager (Male) |
| 5:36 | Create | Fishing Ship |
| 6:10 | Build | House |
| 6:21 | Create | Villager (Male) |
| 6:21 | Create | Villager (Male) |
| 6:22 | Create | Villager (Male) |
| 6:53 | Create | Villager (Male) |
| 6:53 | Create | Villager (Male) |
| 7:01 | Create | Fishing Ship |
| 7:03 | Create | Villager (Male) |
| 7:20 | Create | Villager (Male) |
| 7:40 | Create | Fishing Ship |
| 7:40 | Create | Villager (Male) |
| 7:45 | Build | House |
| 8:13 | Build | House |
| 8:13 | Create | Villager (Male) |
| 8:27 | Create | Fishing Ship |
| 8:57 | Create | Villager (Male) |
| 9:01 | Create | Fishing Ship |
| 9:42 | Build | Mining Camp |
| 9:47 | Create | Villager (Male) |
| 9:48 | Create | Villager (Male) |
| 9:59 | Build | Mill |
| 10:07 | Create | Villager (Male) |
| 10:09 | Create | Fishing Ship |
| 10:44 | Create | Villager (Male) |
| 10:51 | Build | House |
| 10:56 | Build | Mining Camp |
| 11:21 | Research | Feudal Age |
| 11:21 | Research | Feudal Age |
| 11:44 | Build | Mining Camp |
| 11:49 | Build | Mining Camp |
| 12:05 | Create | Villager (Male) |
| 12:05 | Create | Villager (Male) |
| 13:42 | Age | Feudal Age |
| 13:44 | Build | Market |
| 13:54 | Build | Blacksmith |
| 14:14 | Build | House |
| 14:53 | Research | Castle Age |
| 14:54 | Research | Castle Age |
| 14:59 | Build | Palisade Wall |
| 15:09 | Build | House |
| 15:31 | Build | Lumber Camp |
| 15:48 | Create | Fishing Ship |
| 16:12 | Create | Villager (Male) |
| 16:41 | Research | Double-Bit Axe |
| 16:43 | Research | Fletching |
| 16:43 | Create | Villager (Male) |
| 16:52 | Create | Demolition Raft |
| 16:57 | Create | Fishing Ship |
| 17:33 | Age | Castle Age |
| 17:37 | Build | Castle |
| 17:39 | Create | Villager (Male) |
| 17:58 | Create | Fishing Ship |
| 18:07 | Create | Villager (Male) |
| 18:15 | Build | House |
| 18:20 | Create | Villager (Male) |
| 18:27 | Build | Siege Workshop |
| 18:44 | Create | Villager (Male) |
| 19:03 | Create | Battering Ram |
| 19:26 | Create | Villager (Male) |
| 19:32 | Build | Dock |
| 19:38 | Create | Villager (Male) |
| 19:53 | Build | Town Center |
| 19:58 | Create | Villager (Male) |
| 20:16 | Create | Coustillier |
| 20:16 | Create | Coustillier |
| 20:24 | Create | Villager (Male) |
| 20:35 | Build | Town Center |
| 20:37 | Create | Villager (Male) |
| 21:05 | Create | Coustillier |
| 21:05 | Create | Coustillier |
| 21:18 | Create | Fishing Ship |
| 21:18 | Create | Fishing Ship |
| 21:18 | Create | Fishing Ship |
| 21:19 | Create | Villager (Male) |
| 21:51 | Build | Mill |
| 22:10 | Create | Villager (Male) |
| 22:11 | Create | Coustillier |
| 22:12 | Create | Coustillier |
| 22:12 | Create | Coustillier |
| 22:36 | Build | Farm |
| 22:36 | Build | Farm |
| 22:36 | Build | Farm |
| 22:37 | Build | Farm |
| 22:37 | Build | Farm |
| 22:37 | Build | Farm |
| 22:51 | Create | Villager (Male) |
| 22:57 | Build | Farm |
| 22:57 | Build | Farm |
| 22:58 | Build | Farm |
| 22:58 | Build | Farm |
| 22:58 | Build | Farm |
| 23:01 | Build | Farm |
| 23:01 | Create | Villager (Male) |
| 23:06 | Create | Villager (Male) |
| 23:14 | Build | House |
| 23:26 | Create | Villager (Male) |
| 23:33 | Create | Villager (Male) |
| 23:41 | Build | Farm |
| 23:41 | Create | Villager (Male) |
| 23:45 | Build | Farm |
| 23:47 | Create | Villager (Male) |
| 23:53 | Create | Villager (Male) |
| 23:55 | Build | Farm |
| 23:56 | Create | Villager (Male) |
| 24:02 | Build | Farm |
| 24:03 | Create | Villager (Male) |
| 24:09 | Create | Villager (Male) |
| 24:14 | Create | Villager (Male) |
| 24:22 | Create | Villager (Male) |
| 24:26 | Build | Farm |
| 24:26 | Create | Villager (Male) |
| 24:30 | Create | Villager (Male) |
| 24:36 | Build | Farm |
| 24:36 | Create | Villager (Male) |
| 24:41 | Build | Lumber Camp |
| 24:42 | Create | Villager (Male) |
| 24:44 | Create | Villager (Male) |
| 24:54 | Create | Villager (Male) |
| 24:59 | Build | Farm |
| 24:59 | Create | Villager (Male) |
| 25:04 | Create | Villager (Male) |
| 25:09 | Create | Villager (Male) |
| 25:13 | Create | Villager (Male) |
| 25:15 | Create | Villager (Male) |
| 25:24 | Build | Town Center |
| 25:31 | Create | Villager (Male) |
| 25:33 | Create | Villager (Male) |
| 25:39 | Create | Villager (Male) |
| 25:39 | Create | Villager (Male) |
| 25:39 | Create | Villager (Male) |
| 25:48 | Build | House |
| 25:49 | Build | House |
| 25:49 | Build | House |
| 25:51 | Build | Farm |
| 25:52 | Create | Villager (Male) |
Build order — Dooque
121 actions detected in the replay
| 0:07 | Build | Town Center |
| 1:04 | Build | Dock |
| 2:25 | Create | Villager (Male) ×4 |
| 2:36 | Build | House |
| 3:42 | Create | Villager (Male) |
| 4:01 | Create | Fishing Ship |
| 4:13 | Research | Loom |
| 4:23 | Build | House |
| 4:31 | Create | Villager (Male) |
| 4:59 | Create | Villager (Male) |
| 5:18 | Create | Villager (Male) |
| 5:36 | Create | Fishing Ship |
| 5:37 | Create | Fishing Ship |
| 5:44 | Build | House |
| 5:48 | Create | Villager (Male) |
| 6:07 | Create | Villager (Male) |
| 6:08 | Create | Villager (Male) |
| 6:30 | Create | Villager (Male) |
| 6:30 | Create | Villager (Male) |
| 6:40 | Research | Loom |
| 6:48 | Build | Outpost |
| 6:54 | Build | House |
| 6:57 | Build | Outpost |
| 7:01 | Create | Villager (Male) |
| 7:02 | Create | Villager (Male) |
| 7:03 | Create | Villager (Male) |
| 7:17 | Create | Villager (Male) |
| 7:23 | Build | Outpost |
| 7:30 | Create | Fishing Ship |
| 7:40 | Create | Villager (Male) |
| 7:52 | Build | House |
| 8:10 | Create | Villager (Male) |
| 8:20 | Build | Outpost |
| 8:32 | Create | Villager (Male) |
| 8:51 | Build | Mill |
| 8:53 | Create | Villager (Male) |
| 9:00 | Create | Villager (Male) |
| 9:01 | Create | Villager (Male) |
| 9:24 | Build | Palisade Wall |
| 9:26 | Build | Palisade Wall |
| 9:39 | Build | Palisade Gate |
| 9:43 | Build | Palisade Gate |
| 9:49 | Create | Villager (Male) |
| 9:53 | Build | Palisade Gate |
| 9:56 | Create | Villager (Male) |
| 10:12 | Build | Palisade Gate |
| 10:16 | Build | House |
| 10:19 | Build | Palisade Wall |
| 10:21 | Build | House |
| 10:31 | Create | Villager (Male) |
| 10:46 | Build | House |
| 10:47 | Create | Villager (Male) |
| 10:54 | Create | Fishing Ship |
| 10:54 | Create | Fishing Ship |
| 11:06 | Create | Villager (Male) |
| 11:30 | Create | Villager (Male) |
| 11:36 | Create | Fishing Ship |
| 11:37 | Create | Fishing Ship |
| 11:40 | Create | Villager (Male) |
| 11:50 | Build | Outpost |
| 12:22 | Build | Mining Camp |
| 12:27 | Create | Fishing Ship |
| 12:47 | Build | Mill |
| 13:02 | Build | House |
| 13:07 | Research | Feudal Age |
| 13:07 | Research | Feudal Age |
| 14:09 | Build | Outpost |
| 14:32 | Build | Palisade Gate |
| 14:44 | Create | Villager (Male) |
| 14:59 | Build | Palisade Gate |
| 15:17 | Age | Feudal Age |
| 15:27 | Build | House |
| 15:30 | Build | Blacksmith |
| 15:36 | Build | Market |
| 15:39 | Research | Town Watch |
| 16:19 | Research | Castle Age |
| 16:42 | Build | Lumber Camp |
| 16:50 | Build | Palisade Wall |
| 16:51 | Build | Palisade Wall |
| 16:53 | Build | Palisade Wall |
| 16:54 | Build | Palisade Wall |
| 16:56 | Build | Palisade Wall |
| 16:59 | Research | Gold Mining |
| 17:02 | Build | Palisade Wall |
| 17:04 | Build | Palisade Wall |
| 17:05 | Build | Palisade Wall |
| 17:09 | Research | Double-Bit Axe |
| 17:20 | Build | Outpost |
| 18:59 | Age | Castle Age |
| 20:00 | Build | Town Center |
| 22:12 | Build | Palisade Wall |
| 22:17 | Create | Villager (Male) |
| 22:17 | Create | Villager (Male) |
| 22:17 | Create | Villager (Male) |
| 22:18 | Create | Villager (Male) |
| 22:25 | Build | Siege Workshop |
| 22:54 | Create | Villager (Male) |
| 23:02 | Build | Lumber Camp |
| 23:13 | Create | Scorpion |
| 23:23 | Create | Villager (Male) |
| 23:54 | Create | Scorpion |
| 24:00 | Build | House |
| 24:01 | Build | House |
| 24:16 | Research | Wheelbarrow |
| 24:20 | Build | House |
| 24:23 | Build | House |
| 24:23 | Build | House |
| 24:48 | Create | Scorpion |
| 25:06 | Build | Market |
| 25:10 | Research | Bow Saw |
| 25:10 | Create | Villager (Male) |
| 25:13 | Build | House |
| 25:14 | Build | House |
| 25:21 | Create | Villager (Male) |
| 25:25 | Build | Farm |
| 25:28 | Create | Scorpion |
| 25:53 | Create | Villager (Male) |
| 26:06 | Build | Town Center |
| 26:19 | Create | Villager (Male) |
| 26:31 | Create | Villager (Male) |
| 26:38 | Create | Scorpion |
Build order — ROCKMAN 4
150 actions detected in the replay
| 0:12 | Build | Town Center |
| 0:50 | Build | Dock |
| 2:16 | Build | House |
| 2:39 | Create | Villager (Male) |
| 2:40 | Create | Villager (Male) |
| 2:40 | Create | Villager (Male) |
| 2:40 | Create | Villager (Male) |
| 2:41 | Create | Villager (Male) |
| 4:00 | Create | Fishing Ship |
| 4:39 | Build | House |
| 4:41 | Create | Villager (Male) |
| 5:03 | Create | Villager (Male) |
| 5:16 | Create | Villager (Male) |
| 5:40 | Build | House |
| 5:52 | Create | Villager (Male) |
| 5:53 | Create | Villager (Male) |
| 5:58 | Create | Fishing Ship |
| 6:27 | Create | Villager (Male) |
| 6:42 | Create | Villager (Male) |
| 6:52 | Create | Fishing Ship |
| 6:59 | Build | House |
| 7:28 | Create | Villager (Male) |
| 7:31 | Create | Fishing Ship |
| 8:07 | Create | Villager (Male) |
| 8:09 | Create | Villager (Male) |
| 8:09 | Create | Villager (Male) |
| 8:10 | Create | Villager (Male) |
| 8:26 | Create | Villager (Male) |
| 8:39 | Create | Villager (Male) |
| 8:39 | Create | Villager (Male) |
| 8:39 | Create | Villager (Male) |
| 8:58 | Create | Fishing Ship |
| 9:00 | Build | House |
| 9:17 | Research | Loom |
| 9:38 | Build | Mining Camp |
| 10:25 | Build | Mining Camp |
| 10:43 | Research | Feudal Age |
| 11:44 | Create | Villager (Male) |
| 11:45 | Create | Villager (Male) |
| 12:05 | Build | House |
| 12:31 | Build | Mill |
| 12:53 | Age | Feudal Age |
| 12:56 | Build | Blacksmith |
| 13:24 | Build | Market |
| 13:41 | Create | Villager (Male) |
| 14:05 | Research | Castle Age |
| 14:25 | Build | Lumber Camp |
| 15:26 | Research | Double-Bit Axe |
| 15:50 | Create | Fishing Ship |
| 15:56 | Build | House |
| 16:33 | Build | House |
| 16:36 | Build | House |
| 16:38 | Create | Fishing Ship |
| 16:40 | Create | Villager (Male) |
| 16:48 | Age | Castle Age |
| 16:56 | Build | Outpost |
| 16:58 | Research | Town Watch |
| 17:36 | Create | Villager (Male) |
| 17:45 | Build | Town Center |
| 17:56 | Build | Castle |
| 18:03 | Create | Villager (Male) |
| 18:22 | Research | Scale Mail Armor |
| 18:24 | Create | Villager (Male) |
| 18:26 | Research | Bow Saw |
| 18:50 | Create | Villager (Male) |
| 19:01 | Create | Villager (Male) |
| 19:10 | Research | Chain Mail Armor |
| 19:12 | Create | Villager (Male) |
| 19:37 | Create | Unit 2626 |
| 19:42 | Create | Villager (Male) |
| 19:44 | Create | Ghulam |
| 19:51 | Create | Ghulam |
| 20:02 | Build | Farm |
| 20:02 | Build | Farm |
| 20:02 | Build | Farm |
| 20:03 | Build | Farm |
| 20:06 | Create | Villager (Male) |
| 20:18 | Create | Demolition Raft |
| 20:20 | Create | Villager (Male) |
| 20:26 | Create | Villager (Male) |
| 20:35 | Create | Ghulam |
| 21:04 | Create | Ghulam |
| 21:04 | Create | Villager (Male) |
| 21:09 | Build | Farm |
| 21:11 | Create | Villager (Male) |
| 21:21 | Create | Unit 2626 |
| 21:21 | Create | Villager (Male) |
| 21:24 | Build | Farm |
| 21:28 | Create | Ghulam |
| 21:39 | Build | Farm |
| 21:42 | Create | Ghulam |
| 21:54 | Research | Fletching |
| 22:09 | Create | Ghulam |
| 22:16 | Create | Villager (Male) |
| 22:37 | Create | Ghulam |
| 22:38 | Create | Villager (Male) |
| 22:52 | Create | Unit 2626 |
| 22:55 | Create | Villager (Male) |
| 22:58 | Create | Ghulam |
| 22:58 | Create | Ghulam |
| 23:10 | Create | Ghulam |
| 23:11 | Create | Ghulam |
| 23:11 | Create | Villager (Male) |
| 23:11 | Create | Villager (Male) |
| 23:12 | Create | Villager (Male) |
| 23:12 | Create | Villager (Male) |
| 23:17 | Create | Villager (Male) |
| 23:42 | Create | Ghulam |
| 23:43 | Create | Ghulam |
| 23:43 | Create | Villager (Male) |
| 23:43 | Create | Villager (Male) |
| 23:54 | Build | Town Center |
| 23:57 | Create | Ghulam |
| 23:58 | Create | Ghulam |
| 24:13 | Build | House |
| 24:18 | Build | Farm |
| 24:19 | Build | Farm |
| 24:19 | Build | Farm |
| 24:19 | Build | Farm |
| 24:19 | Build | Farm |
| 24:39 | Create | Ghulam |
| 24:39 | Create | Ghulam |
| 24:39 | Create | Ghulam |
| 24:53 | Create | Villager (Male) |
| 24:53 | Create | Villager (Male) |
| 24:53 | Create | Villager (Male) |
| 25:01 | Create | Ghulam |
| 25:02 | Create | Ghulam |
| 25:04 | Research | Forging |
| 25:13 | Build | Outpost |
| 25:16 | Create | Ghulam |
| 25:27 | Create | Villager (Male) |
| 25:32 | Build | Farm |
| 25:34 | Create | Villager (Male) |
| 25:36 | Research | Horse Collar |
| 25:54 | Create | Villager (Male) |
| 26:01 | Build | Barracks |
| 26:05 | Create | Ghulam |
| 26:05 | Create | Ghulam |
| 26:05 | Create | Villager (Male) |
| 26:10 | Build | House |
| 26:25 | Build | Farm |
| 26:36 | Create | Ghulam |
| 26:37 | Create | Ghulam |
| 26:45 | Build | House |
| 26:59 | Research | Squires |
| 27:00 | Research | Arson |
| 27:02 | Create | Ghulam |
| 27:02 | Create | Ghulam |
| 27:02 | Create | Villager (Male) |
Build order — MauroZum
First 150 of 160 actions detected
| 0:33 | Build | Town Center |
| 1:08 | Build | Dock |
| 1:09 | Build | House |
| 3:00 | Create | Villager (Male) |
| 3:00 | Create | Villager (Male) |
| 3:30 | Create | Villager (Male) |
| 3:30 | Create | Villager (Male) |
| 4:00 | Create | Fishing Ship |
| 4:00 | Create | Fishing Ship |
| 4:20 | Create | Villager (Male) |
| 4:31 | Build | House |
| 5:07 | Create | Fishing Ship |
| 5:07 | Create | Fishing Ship |
| 5:15 | Research | Loom |
| 5:42 | Create | Villager (Male) |
| 6:03 | Build | House |
| 6:20 | Create | Fishing Ship |
| 6:39 | Create | Villager (Male) |
| 6:39 | Create | Villager (Male) |
| 6:59 | Create | Fishing Ship |
| 6:59 | Create | Fishing Ship |
| 7:29 | Create | Villager (Male) |
| 7:31 | Create | Villager (Male) |
| 7:54 | Create | Fishing Ship |
| 8:03 | Build | House |
| 8:18 | Create | Villager (Male) |
| 8:23 | Create | Fishing Ship |
| 8:34 | Build | Palisade Wall |
| 8:43 | Create | Villager (Male) |
| 8:44 | Create | Villager (Male) |
| 8:59 | Create | Villager (Male) |
| 9:00 | Create | Villager (Male) |
| 9:05 | Create | Fishing Ship |
| 9:14 | Create | Villager (Male) |
| 9:14 | Create | Villager (Male) |
| 9:23 | Create | Villager (Male) |
| 9:50 | Build | Mill |
| 10:00 | Build | House |
| 10:21 | Create | Fishing Ship |
| 10:53 | Research | Feudal Age |
| 11:06 | Create | Fishing Ship |
| 11:52 | Create | Fishing Ship |
| 12:03 | Build | House |
| 12:13 | Age | Feudal Age |
| 12:16 | Build | Mining Camp |
| 12:17 | Create | Villager (Male) |
| 12:41 | Build | Blacksmith |
| 12:48 | Create | Villager (Male) |
| 13:24 | Create | Villager (Male) |
| 13:32 | Build | Market |
| 13:42 | Create | Villager (Male) |
| 14:06 | Create | Villager (Male) |
| 14:50 | Research | Castle Age |
| 14:50 | Research | Castle Age |
| 15:12 | Build | Lumber Camp |
| 15:45 | Research | Gold Mining |
| 15:50 | Create | Fishing Ship |
| 15:50 | Create | Fishing Ship |
| 16:02 | Build | Palisade Wall |
| 16:04 | Build | Palisade Wall |
| 16:05 | Build | Palisade Wall |
| 16:07 | Build | Palisade Wall |
| 16:13 | Build | Palisade Wall |
| 16:26 | Age | Castle Age |
| 16:54 | Build | Town Center |
| 16:57 | Create | Villager (Male) |
| 17:01 | Build | House |
| 17:03 | Build | House |
| 17:05 | Research | Double-Bit Axe |
| 17:10 | Create | Villager (Male) |
| 17:20 | Create | Villager (Male) |
| 17:35 | Build | House |
| 17:36 | Build | House |
| 18:29 | Research | Wheelbarrow |
| 18:30 | Create | Villager (Male) |
| 18:45 | Create | Villager (Male) |
| 18:45 | Create | Villager (Male) |
| 18:50 | Build | Town Center |
| 19:20 | Research | Bow Saw |
| 19:20 | Create | Villager (Male) |
| 20:09 | Create | Villager (Male) |
| 20:33 | Create | Villager (Male) |
| 20:36 | Create | Villager (Male) |
| 20:36 | Create | Villager (Male) |
| 21:08 | Research | Stone Mining |
| 21:09 | Create | Villager (Male) |
| 21:09 | Create | Villager (Male) |
| 21:28 | Build | Dock |
| 21:51 | Create | Villager (Male) |
| 21:51 | Create | Villager (Male) |
| 22:09 | Create | Villager (Male) |
| 22:09 | Create | Villager (Male) |
| 22:17 | Create | Fishing Ship |
| 22:17 | Create | Fishing Ship |
| 22:17 | Create | Fishing Ship |
| 22:40 | Create | Villager (Male) |
| 22:46 | Create | Villager (Male) |
| 23:00 | Build | Castle |
| 23:01 | Create | Villager (Male) |
| 23:05 | Build | Farm |
| 23:05 | Build | Farm |
| 23:05 | Build | Farm |
| 23:06 | Build | Farm |
| 23:06 | Build | Farm |
| 23:06 | Build | Farm |
| 23:18 | Create | Villager (Male) |
| 23:18 | Create | Villager (Male) |
| 23:23 | Create | Villager (Male) |
| 23:54 | Create | Villager (Male) |
| 23:54 | Create | Villager (Male) |
| 24:13 | Create | Karambit Warrior |
| 24:13 | Create | Karambit Warrior |
| 24:13 | Create | Karambit Warrior |
| 24:31 | Create | Karambit Warrior |
| 24:31 | Create | Karambit Warrior |
| 24:37 | Create | Villager (Male) |
| 24:37 | Create | Villager (Male) |
| 24:47 | Build | Farm |
| 24:48 | Build | Farm |
| 24:48 | Build | Farm |
| 24:48 | Build | Farm |
| 24:49 | Build | Farm |
| 24:49 | Build | Farm |
| 24:49 | Build | Farm |
| 24:51 | Create | Villager (Male) |
| 24:53 | Build | Farm |
| 24:53 | Build | Farm |
| 24:53 | Build | Farm |
| 24:54 | Build | Farm |
| 25:03 | Create | Karambit Warrior |
| 25:03 | Create | Karambit Warrior |
| 25:09 | Create | Villager (Male) |
| 25:09 | Create | Villager (Male) |
| 25:22 | Create | Villager (Male) |
| 25:23 | Create | Villager (Male) |
| 25:25 | Create | Fishing Ship |
| 25:26 | Create | Fishing Ship |
| 25:41 | Research | Forging |
| 25:55 | Create | Karambit Warrior |
| 25:56 | Create | Karambit Warrior |
| 25:56 | Create | Karambit Warrior |
| 25:57 | Create | Villager (Male) |
| 26:00 | Build | House |
| 26:00 | Build | House |
| 26:01 | Build | House |
| 26:01 | Build | House |
| 26:01 | Build | House |
| 26:02 | Build | House |
| 26:14 | Create | Villager (Male) |
| 26:24 | Create | Karambit Warrior |
Build order — DGHIR | Feyern
First 150 of 156 actions detected
| 0:26 | Build | Town Center |
| 1:45 | Build | Dock |
| 1:53 | Build | Palisade Wall |
| 2:18 | Build | House |
| 2:34 | Create | Villager (Male) |
| 2:37 | Create | Villager (Male) |
| 2:54 | Create | Villager (Male) |
| 3:27 | Create | Villager (Male) |
| 4:04 | Create | Fishing Ship |
| 4:13 | Research | Loom |
| 4:29 | Build | House |
| 4:42 | Create | Villager (Male) |
| 5:08 | Create | Villager (Male) |
| 5:08 | Create | Villager (Male) |
| 5:37 | Create | Villager (Male) |
| 5:44 | Create | Villager (Male) |
| 6:00 | Create | Fishing Ship |
| 6:34 | Build | House |
| 6:40 | Create | Villager (Male) |
| 6:41 | Create | Villager (Male) |
| 6:47 | Create | Villager (Male) |
| 6:59 | Create | Villager (Male) |
| 7:25 | Build | Palisade Wall |
| 7:26 | Build | Palisade Wall |
| 7:27 | Build | Palisade Wall |
| 7:31 | Create | Villager (Male) |
| 7:32 | Create | Villager (Male) |
| 7:33 | Create | Villager (Male) |
| 7:33 | Create | Villager (Male) |
| 7:52 | Create | Fishing Ship |
| 7:52 | Create | Villager (Male) |
| 7:54 | Create | Villager (Male) |
| 8:25 | Create | Villager (Male) |
| 8:39 | Build | Outpost |
| 8:40 | Create | Fishing Ship |
| 8:42 | Build | House |
| 8:52 | Build | Outpost |
| 9:00 | Create | Villager (Male) |
| 9:02 | Build | Palisade Wall |
| 9:04 | Build | Palisade Wall |
| 9:05 | Build | Palisade Wall |
| 9:13 | Create | Villager (Male) |
| 9:15 | Build | Palisade Wall |
| 9:16 | Build | Palisade Wall |
| 9:18 | Build | Palisade Wall |
| 9:23 | Create | Fishing Ship |
| 9:27 | Create | Villager (Male) |
| 9:45 | Build | Palisade Gate |
| 9:49 | Create | Villager (Male) |
| 10:02 | Build | House |
| 10:22 | Build | Mill |
| 10:32 | Build | Palisade Wall |
| 10:36 | Create | Villager (Male) |
| 10:38 | Create | Villager (Male) |
| 10:48 | Build | Palisade Wall |
| 11:13 | Build | Mining Camp |
| 11:34 | Research | Feudal Age |
| 11:47 | Build | House |
| 12:02 | Build | Outpost |
| 12:48 | Build | Outpost |
| 13:37 | Create | Villager (Male) |
| 13:37 | Create | Villager (Male) |
| 13:53 | Age | Feudal Age |
| 13:55 | Build | Market |
| 13:57 | Build | Blacksmith |
| 14:23 | Build | Palisade Wall |
| 14:24 | Build | Palisade Wall |
| 14:47 | Research | Castle Age |
| 15:32 | Create | Unit 2626 |
| 15:36 | Create | Unit 2626 |
| 15:53 | Build | Outpost |
| 15:57 | Build | Mill |
| 16:08 | Build | Palisade Wall |
| 16:09 | Build | Palisade Wall |
| 16:11 | Build | Palisade Wall |
| 16:40 | Build | Palisade Wall |
| 16:41 | Build | Palisade Wall |
| 17:27 | Age | Castle Age |
| 17:28 | Create | Villager (Male) |
| 17:28 | Create | Villager (Male) |
| 17:33 | Build | Castle |
| 17:38 | Build | Palisade Wall |
| 17:52 | Create | Villager (Male) |
| 17:57 | Build | Outpost |
| 18:05 | Create | Villager (Male) |
| 18:10 | Research | Fletching |
| 18:11 | Create | Villager (Male) |
| 18:37 | Create | Mangudai |
| 18:41 | Build | Lumber Camp |
| 18:45 | Create | Villager (Male) |
| 18:54 | Create | Mangudai |
| 18:57 | Create | Villager (Male) |
| 18:57 | Create | Villager (Male) |
| 19:02 | Create | Villager (Male) |
| 19:38 | Create | Mangudai |
| 19:53 | Create | Villager (Male) |
| 20:03 | Create | Mangudai |
| 20:11 | Create | Villager (Male) |
| 20:21 | Create | Villager (Male) |
| 20:33 | Create | Mangudai |
| 20:35 | Create | Villager (Male) |
| 20:46 | Research | Double-Bit Axe |
| 20:57 | Create | Villager (Male) |
| 21:11 | Create | Mangudai |
| 21:16 | Create | Villager (Male) |
| 21:23 | Create | Villager (Male) |
| 21:32 | Create | Villager (Male) |
| 21:40 | Create | Villager (Male) |
| 21:49 | Create | Villager (Male) |
| 21:56 | Build | Mill |
| 22:08 | Research | Bodkin Arrow |
| 22:15 | Create | Mangudai |
| 22:17 | Create | Villager (Male) |
| 22:25 | Create | Mangudai |
| 22:39 | Create | Mangudai |
| 22:44 | Research | Horse Collar |
| 22:48 | Build | Farm |
| 22:48 | Build | Farm |
| 22:50 | Build | Farm |
| 22:50 | Build | Farm |
| 23:04 | Create | Mangudai |
| 23:09 | Create | Villager (Male) |
| 23:14 | Create | Mangudai |
| 23:36 | Create | Mangudai |
| 23:36 | Create | Villager (Male) |
| 23:38 | Build | Farm |
| 23:52 | Build | Farm |
| 24:19 | Create | Mangudai |
| 24:28 | Create | Villager (Male) |
| 24:30 | Create | Villager (Male) |
| 24:31 | Build | House |
| 24:38 | Research | Town Watch |
| 24:41 | Research | Bow Saw |
| 24:41 | Research | Bow Saw |
| 24:52 | Build | Farm |
| 24:54 | Create | Villager (Male) |
| 25:06 | Create | Mangudai |
| 25:06 | Create | Villager (Male) |
| 25:07 | Create | Villager (Male) |
| 25:24 | Create | Villager (Male) |
| 25:34 | Create | Villager (Male) |
| 25:38 | Create | Villager (Male) |
| 25:41 | Build | Town Center |
| 25:46 | Create | Mangudai |
| 25:58 | Create | Villager (Male) |
| 26:06 | Create | Villager (Male) |
| 26:12 | Create | Villager (Male) |
| 26:23 | Create | Mangudai |
| 26:25 | Create | Villager (Male) |
| 26:26 | Build | House |
Match timeline
| 0:50 | ROCKMAN 4 · first_building Dock |
| 1:04 | Dooque · first_building Dock |
| 1:08 | MauroZum · first_building Dock |
| 1:38 | EDM Martirena · first_building Dock |
| 1:45 | DGHIR | Feyern · first_building Dock |
| 1:53 | DGHIR | Feyern · wall_segment Palisade Wall x1 |
| 2:25 | Sebanico · first_building Dock |
| 7:25 | DGHIR | Feyern · wall_segment Palisade Wall x1 |
| 7:26 | DGHIR | Feyern · wall_segment Palisade Wall x1 |
| 7:27 | DGHIR | Feyern · wall_segment Palisade Wall x1 |
| 8:34 | MauroZum · wall_segment Palisade Wall x1 |
| 9:02 | DGHIR | Feyern · wall_segment Palisade Wall x1 |
| 9:04 | DGHIR | Feyern · wall_segment Palisade Wall x1 |
| 9:05 | DGHIR | Feyern · wall_segment Palisade Wall x2 |
| 9:15 | DGHIR | Feyern · wall_segment Palisade Wall x1 |
| 9:16 | DGHIR | Feyern · wall_segment Palisade Wall x1 |
| 9:18 | DGHIR | Feyern · wall_segment Palisade Wall x1 |
| 9:24 | Dooque · wall_segment Palisade Wall x1 |
| 9:26 | Dooque · wall_segment Palisade Wall x1 |
| 10:19 | Dooque · wall_segment Palisade Wall x1 |
| 10:32 | DGHIR | Feyern · wall_segment Palisade Wall x1 |
| 10:48 | DGHIR | Feyern · wall_segment Palisade Wall x1 |
| 12:13 | MauroZum · age_up feudal |
| 12:49 | Sebanico · age_up feudal |
| 12:53 | ROCKMAN 4 · age_up feudal |
| 13:42 | EDM Martirena · age_up feudal |
| 13:53 | DGHIR | Feyern · age_up feudal |
| 14:23 | DGHIR | Feyern · wall_segment Palisade Wall x1 |
| 14:24 | DGHIR | Feyern · wall_segment Palisade Wall x1 |
| 14:33 | MauroZum · first_market_sell 100 wood |
| 14:37 | MauroZum · first_market_buy 100 food |
| 14:46 | EDM Martirena · first_market_buy 100 food |
| 14:47 | EDM Martirena · first_market_sell 100 wood |
| 14:59 | EDM Martirena · wall_segment Palisade Wall x6 |
| 15:17 | Dooque · age_up feudal |
| 16:02 | MauroZum · wall_segment Palisade Wall x1 |
| 16:04 | MauroZum · wall_segment Palisade Wall x1 |
| 16:05 | MauroZum · wall_segment Palisade Wall x1 |
| 16:07 | MauroZum · wall_segment Palisade Wall x1 |
| 16:08 | DGHIR | Feyern · wall_segment Palisade Wall x1 |
| 16:09 | DGHIR | Feyern · wall_segment Palisade Wall x4 |
| 16:11 | DGHIR | Feyern · wall_segment Palisade Wall x4 |
| 16:13 | MauroZum · wall_segment Palisade Wall x1 |
| 16:26 | MauroZum · age_up castle |
| 16:40 | DGHIR | Feyern · wall_segment Palisade Wall x5 |
| 16:41 | DGHIR | Feyern · wall_segment Palisade Wall x5 |
| 16:48 | ROCKMAN 4 · age_up castle |
| 16:50 | Dooque · wall_segment Palisade Wall x1 |
| 16:51 | Dooque · wall_segment Palisade Wall x1 |
| 16:53 | Dooque · wall_segment Palisade Wall x1 |
| 16:54 | Dooque · wall_segment Palisade Wall x1 |
| 16:56 | Dooque · wall_segment Palisade Wall x1 |
| 17:02 | Dooque · wall_segment Palisade Wall x1 |
| 17:04 | Dooque · wall_segment Palisade Wall x1 |
| 17:05 | Dooque · wall_segment Palisade Wall x1 |
| 17:27 | DGHIR | Feyern · age_up castle |
| 17:33 | DGHIR | Feyern · first_building Castle |
| 17:33 | EDM Martirena · age_up castle |
| 17:37 | EDM Martirena · first_building Castle |
| 17:38 | DGHIR | Feyern · wall_segment Palisade Wall x1 |
| 17:56 | ROCKMAN 4 · first_building Castle |
| 18:27 | EDM Martirena · first_building Siege Workshop |
| 18:36 | DGHIR | Feyern · first_market_buy 100 wood |
| 18:59 | Dooque · age_up castle |
| 19:59 | Sebanico · first_market_buy 100 food |
| 20:03 | Sebanico · first_market_sell 100 wood |
| 20:57 | Sebanico · first_building Barracks |
| 22:01 | DGHIR | Feyern · first_market_sell 100 wood |
| 22:12 | Dooque · wall_segment Palisade Wall x1 |
| 22:25 | Dooque · first_building Siege Workshop |
| 23:00 | MauroZum · first_building Castle |
| 23:03 | Sebanico · age_up castle |
| 24:03 | Sebanico · wall_segment Palisade Wall x1 |
| 24:05 | Sebanico · wall_segment Palisade Wall x1 |
| 26:01 | Dooque · first_market_buy 100 stone |
| 26:01 | ROCKMAN 4 · first_building Barracks |
| 26:47 | Sebanico · first_building Monastery |
| 27:01 | MauroZum · resign |
[ AI ANALYSIS · 1 CREDIT ]
What really happened in this match?
Wolo.gg analyzes every decision: build order, eco, micro, common mistakes by bracket. Personalized analysis on WhatsApp or Discord in 30 seconds.
Civ guide
Turks
Perfil
Jugador #4401655